 Dungeon Crawl Stone Soup version 0.19-a0-675-gf8984cf (webtiles) character file.

284 Ijustatesigmund the Cudgeler (level 6, -3/39 HPs)
             Began as a Gargoyle Fighter on June 16, 2016.
             Shot with an arrow by a centaur (12 damage)
             ... on level 5 of the Dungeon.
             The game lasted 00:10:03 (3293 turns).

Ijustatesigmund the Cudgeler (Gargoyle Fighter)     Turns: 3293, Time: 00:10:04

Health: -3/39      AC:  7    Str: 20    XL:     6   Next: 29%
Magic:  6/6        EV:  8    Int:  8    God:
Gold:   287        SH: 11    Dex: 11    Spells: 0 memorised, 5 levels left

rFire  . . .     SeeInvis .     a - +0 flail
rCold  + . .     Gourm    .     e - +0 leather armour {rC+}
rNeg   + . .     Faith    .     c - +0 shield
rPois  ∞         Spirit   .     (no helmet)
rElec  +         Dismiss  .     (no cloak)
rCorr  .         Reflect  +     (no gloves)
SustAt .         Harm     .     (no boots)
MR     .....                    k - +2 amulet of reflection
Stlth  +.........               (no ring)
                                (no ring)

@: not resistant to hostile enchantments, very unstealthy
A: negative energy resistance 1, electricity resistance, unbreathing,
petrification resistance, rot immunity, AC +4
a: no special abilities


You were on level 5 of the Dungeon.
You were not hungry.

You visited 2 branches of the dungeon, and saw 6 of its levels.

You collected 287 gold pieces.

Inventory:

Hand Weapons
 a - a +0 flail (weapon)
Missiles
 j - a throwing net (quivered)
Armour
 c - a +0 shield (worn)
 d - the +0 ring mail of Iphacsud {Stlth+}
   (You found it on level 4 of the Dungeon)

   It makes you more stealthy.
 e - a +0 leather armour of cold resistance (worn)
 o - a +0 chain mail
Jewellery
 k - a +2 amulet of reflection (around neck)
 n - an uncursed ring of fire
Wands
 h - a wand of slowing (18/48)
Scrolls
 i - a scroll of teleportation {unknown}
 m - a scroll of blinking
Potions
 g - a potion of curing
 l - 2 potions of haste {unknown}
 q - a potion of experience {unknown}
Comestibles
 f - 3 bread rations
 p - a beef jerky


   Skills:
 + Level 4.7 Fighting
 * Level 5.6 Maces & Flails
 - Level 3.2 Armour
 - Level 3.2 Shields


You had 5 spell levels left.
You didn't know any spells.

Dungeon Overview and Level Annotations

Branches:
Dungeon (5/15)             Temple (1/1) D:4

Altars:
Ashenzari
Cheibriados
Dithmenos
Gozag
Nemelex Xobeh
Pakellas
Sif Muna
Uskayaw
Vehumet
Xom
Yredelemnul
Zin
The Shining One

Annotations:
D:4 Ijustatesigmund's ghost, amateur HaFi


Innate Abilities, Weirdness & Mutations

You are resistant to torment.
Your stone body is resilient. (AC +4)
You are immune to poison.
You resist negative energy. (rN+)
You are resistant to electric shocks. (rElec)
You can survive without breathing.
You are immune to petrification.
You are immune to rotting.


Message History

There is a stone staircase leading down here.
You climb downwards.
The centaur shoots an arrow.
The arrow hits you!
There is a stone staircase leading up here.
You see here 2 arrows.
The centaur shoots an arrow.
The arrow hits you!
Things that are here:
2 arrows; a club The centaur shoots an arrow.
The arrow hits you!
* * * LOW HITPOINT WARNING * * *
You are too injured to fight recklessly!
You are too injured to fight recklessly!
You are too injured to fight recklessly!
You are too injured to fight recklessly!
The centaur shoots an arrow.
The arrow hits you but does no damage.
The centaur shoots an arrow.
You reflect the arrow off an invisible shield around you!
The arrow hits the centaur!
You see here an arrow.
The centaur shoots an arrow.
The arrow hits you!
You die...

#.....
####+##....
#........#
#........#
#........#
#...<....#
#....(...#
##.....(##
#.....@#
#......#
#.....c#
#......#
######.(.
#.....
#.......
#.......
.......


You could see a centaur.

Vanquished Creatures
  An orc priest (D:4)
  Ijyb (D:3)
  2 orc wizards (D:4)
  A worker ant (D:5)
  7 adders
  2 worms (D:2)
  5 dart slugs
  3 giant geckos
  13 orcs
  A giant cockroach (D:3)
  4 goblins
  4 hobgoblins
  4 jackals (D:2)
  2 quokkas
  A ball python (D:4)
  8 bats
  2 giant newts
  A jackal zombie (D:4)
  2 kobolds
  6 rats
70 creatures vanquished.

Vanquished Creatures (others)
  An iguana (D:2)
1 creature vanquished.

Grand Total: 71 creatures vanquished

Notes
Turn   | Place    | Note
--------------------------------------------------------------
     0 | D:1      | Ijustatesigmund the Gargoyle Fighter began the quest for the Orb.
     0 | D:1      | Reached XP level 1. HP: 14/14 MP: 1/1
    75 | D:1      | Reached XP level 2. HP: 19/19 MP: 2/2
   329 | D:1      | Reached skill level 3 in Maces & Flails
   584 | D:2      | Reached XP level 3. HP: 22/23 MP: 3/3
   889 | D:2      | Found an oddly glowing altar of Pakellas.
   889 | D:2      | Noticed an orange crystal statue
  1200 | D:2      | Reached XP level 4. HP: 21/29 MP: 4/4
  1306 | D:2      | Reached skill level 4 in Maces & Flails
  1696 | D:3      | Reached XP level 5. HP: 33/33 MP: 5/5
  1713 | D:3      | Noticed Ijyb
  1757 | D:3      | Killed Ijyb
  1781 | D:3      | HP: 1/33 [orc priest/divine providence (14)]
  2167 | D:4      | Reached skill level 5 in Maces & Flails
  2263 | D:4      | Found a staircase to the Ecumenical Temple.
  2268 | D:4      | Got a polished ring mail
  2277 | Temple   | Entered the Ecumenical Temple
  2363 | Temple   | Identified the cursed +0 ring mail of Iphacsud {Stlth+} (You found it on level 4 of the Dungeon)
  2505 | D:5      | Entered Level 5 of the Dungeon
  2921 | D:5      | Reached XP level 6. HP: 16/39 MP: 6/6
  3268 | D:4      | Noticed Ijustatesigmund's ghost (amateur HaFi)
  3293 | D:5      | Shot with an arrow by a centaur

Vault maps used:
D:1:      lightli_arrival_lavapool
D:2:      gammafunk_pakellas_statue_experiment, hangedman_glass_teeth
D:3:      okawaru_gym_becter, uniq_iyjb
D:4:      kennysheep_the_goblin_king, minmay_temple_entry_trees, first_bread,
          grunt_dithmenos_shadows
D:5:      overflow_temple_1_default, grunt_temple_overflow_open, basic_altar,
          kennysheep_small_square
Temple:   circular_temple_12

Skill      XL: |  1  2  3  4  5 |
---------------+----------------+-----
Maces & Flails | 3 4 5 |  5.6
Fighting       | 4 |  4.7
Armour         | |  3.2
Shields        | |  3.2

Action                   |  1- 3 |  4- 6 || total
-------------------------+-------+-------++-------
Melee: Flail             |   142 |   196 ||   338
Throw: Throwing net      |       |     1 ||     1
  Use: Scroll            |     5 |     2 ||     7
       Potion            |       |     7 ||     7
  Eat: Chunk             |     1 |     7 ||     8
Armor: Scale mail        |    35 |       ||    35
       Chain mail        |    74 |   103 ||   177
       Ring mail         |       |     7 ||     7
       Leather armour    |       |     6 ||     6
Dodge: Dodged            |    53 |    51 ||   104
Block: Shield            |   100 |   132 ||   232
       Reflection        |       |     3 ||     3
